 Dungeon Crawl Stone Soup version 0.28.0 (webtiles) character file.

Game seed: 3203702329776936766

22 jfcaron the Caller (level 2, -3/19 HPs)
             Began as a Barachi Summoner on Feb 6, 2022.
             Frozen to death by an endoplasm (5 damage)
             ... on level 1 of the Dungeon.
             The game lasted 00:01:49 (1093 turns).

jfcaron the Caller (Barachi Summoner)               Turns: 1093, Time: 00:01:49

Health: -3/19      AC:  2    Str:  9    XL:     2   Next: 91%
Magic:  0/5        EV: 12    Int: 15    God:
Gold:   16         SH:  0    Dex: 12    Spells: 3/6 levels left

rFire   . . .      SeeInvis .   h - +0 short sword
rCold   . . .      Faith    .   (no shield)
rNeg    . . .      Spirit   .   a - +0 robe
rPois   .          Reflect  .   (no helmet)
rElec   .          Harm     .   (no cloak)
rCorr   .          Rampage  .   (no gloves)
Will    .....                   (no boots)
Stlth   ++........              (no amulet)
HPRegen 0.06/turn               (no ring)
MPRegen 0.09/turn               (no ring)

@: slow
A: amphibious, slowness 1, strong legs 1, +LOS
a: Hop


You were on level 1 of the Dungeon.
You visited 1 branch of the dungeon, and saw 1 of its levels.

You collected 16 gold pieces.

Inventory:

Hand Weapons
 d - a +0 club
 h - a +0 short sword (weapon)
Missiles
 e - 19 stones
Armour
 a - a +0 robe (worn)
Scrolls
 b - 3 scrolls of identify {unknown}
 f - a scroll of vulnerability {unknown}
 g - a scroll of fog {unknown}
 i - a scroll of teleportation {unknown}
Potions
 c - a potion of resistance {unknown}


   Skills:
 - Level 2.1 Dodging
 - Level 1.7 Stealth
 + Level 2.9 Spellcasting
 + Level 5.3 Summonings


You had 3 spell levels left.
You knew the following spells:

 Your Spells              Type           Power      Damage    Failure   Level
a - Summon Small Mammal   Summ           72%        N/A       2%          1
b - Call Imp              Summ           18%        N/A       3%          2

Your spell library contained the following spells:

 Spells                   Type           Power      Damage    Failure   Level
 Call Canine Familiar     Summ           18%        N/A       7%          3
 Summon Guardian Golem    Hex/Summ       10%        N/A       21%         3
 Summon Lightning Spire   Summ/Air       10%        N/A       56%         4


Dungeon Overview and Level Annotations

Branches:
Dungeon (1/15)

Altars:


Innate Abilities, Weirdness & Mutations

You are amphibious.
You cover ground slowly.
You can hop short distances.
You have an extended range of vision and can be seen from far away.


Message History

Casting: Summon Small Mammal (safe; 2% risk of failure)
Confirm with . or Enter, or press ? or * to list all spells.
An endoplasm comes into view.
A frilled lizard comes into view.
A quokka comes into view.
Casting: Summon Small Mammal (safe; 2% risk of failure)
Confirm with . or Enter, or press ? or * to list all spells.
Your rat disappears in a puff of smoke!
Your bat closely misses the goblin.
The goblin hits your bat with a +0 dagger.
Casting: Summon Small Mammal (safe; 2% risk of failure)
Confirm with . or Enter, or press ? or * to list all spells.
A beastly little devil appears in a puff of flame.
Your bat closely misses the goblin.
You swap places.
Your bat hits the goblin.
Your bat hits the endoplasm but does no damage.
The endoplasm hits your bat.
Your bat dies!
Your bat's corpse disappears in a puff of smoke!
A goblin comes into view. It is wielding a +0 dagger.
Your bat closely misses the quokka.
Your bat barely misses the quokka.
The goblin hits you with a +0 dagger. The quokka closely misses you.
Your bat hits the quokka but does no damage.
The goblin moves out of view.
You hit the goblin.
You kill the goblin!
Your bat misses the quokka.
Your bat barely misses the quokka.
The quokka bites you. x2
Unknown command.
The quokka bites you. The endoplasm closely misses you.
Unknown command.
You hit the endoplasm.
The endoplasm is severely wounded.
The quokka bites you.
* * * LOW HITPOINT WARNING * * *
The endoplasm freezes you.
You are frozen.
* * * LOW HITPOINT WARNING * * *
The endoplasm freezes you.
You are frozen.
You die...

+...$. #.# #........#
#.#.....##.############'##
..........................
..#.#.#.#.#.#.#.#.#......
........................
#.#.#.#.#.#.#.#.#......
....5.....>...........
...#.#.#r#.#.#.#.#.#......
....(..lJ@b..............#
...#$#.#J#.#.#.#.#.#####.#
#.....#######..# #..
#....## ##.# #.# #....#
#.####.# #....# #.......
#....# #######. #..$.#
######. #....# #......


You could see 2 endoplasms, a quokka (ally target), a frilled lizard, a friendly
crimson imp (summoned) and a friendly bat (summoned).

Vanquished Creatures
  5 endoplasms (D:1)
  A giant cockroach (D:1)
  3 goblins (D:1)
  A ball python (D:1)
  2 bats (D:1)
  3 frilled lizards (D:1)
  3 kobolds (D:1)
  3 rats (D:1)
21 creatures vanquished.

Notes
Turn   | Place    | Note
-------+----------+-------------------------------------------
     0 | D:1      | jfcaron the Barachi Summoner began the quest for the Orb.
     0 | D:1      | Reached XP level 1. HP: 13/13 MP: 3/3
   267 | D:1      | Reached skill level 5 in Summonings
   332 | D:1      | Reached XP level 2. HP: 16/19 MP: 1/5
   341 | D:1      | Learned a level 2 spell: Call Imp
  1093 | D:1      | HP: 2/19 [frozen (2)]
  1093 | D:1      | Frozen to death by an endoplasm

Illustrated notes

Levels and vault maps discovered:
D:1:      dpeg_arrival_central, layout_basic, st_stairs_12, feat_on_display

Skill      XL: |  1 |
---------------+----+-----
Summonings     | 5 |  5.3
Dodging        | |  2.1
Stealth        | |  1.7
Spellcasting   | |  2.9

Action                   || total
-------------------------++-------
Melee: Unarmed           ||    10
       Club              ||    11
       Short sword       ||    28
Throw: Stone             ||     6
 Cast: Summon Small Mamm ||    26
       Call Imp          ||     1
 Stab: Distracted        ||     1
Armor: Robe              ||     6
Dodge: Dodged            ||    34
